Map: Disco Bloodbath LE

Players

MaNa - Winner!

  • Race: Protoss Protoss
  • Spawn Location: 9:00

MCanning

  • Race: Protoss Protoss
  • Spawn Location: 3:00

VOD

Have the link to the VOD?

Description

Time

  • Played on: Sept. 6, 2019, 1:14 p.m.
  • Length: 9:32
Show
View Real Time Build Order
Export as new Build Order

MaNa Protoss - Winner!

Build Orders: Oracle Opening, Phoenix Opening, Archon Immortal 

Get SALT Encoding   

  12  0:00  Probe  
  13  0:12  Probe  
  14  0:16  Pylon  
  14  0:24  Probe  
  15  0:32  Probe  
  15  0:36  Gateway  
  15  0:40  Probe  
  16  0:47  Assimilator  
  17  0:51  Probe  
  17  0:53  Assimilator  
  18  0:59  Probe  
  19  1:07  Gateway  
  19  1:08  Probe  
  19  1:17  Probe  
  20  1:24  Cybernetics Core  
  21  1:29  Probe  
  22  1:41  Probe  
  22  1:43  Pylon  
  23  2:01  Probe, Sentry, Stalker  
  28  2:03  Warp Gate  
  28  2:08  Pylon  
  28  2:13  Probe  
  31  2:31  Stargate  
  31  2:35  Phoenix  
  33  2:41  Probe  
  29  2:51  Nexus  
  29  2:53  Probe  
  30  2:59  Robotics Facility  
  30  3:04  Oracle  
  30  3:05  Probe  
  31  3:17  Probe  
  35  3:21  Pylon  
  35  3:29  Probe  
  35  3:31  Oracle  
  36  3:41  Probe  
  36  3:45  Warp Prism  
  40  3:53  Probe  
  43  4:02  Probe  
  44  4:05  Probe  
  45  4:10  Immortal  
  45  4:14  Probe  
  46  4:18  Probe  
  51  4:26  Probe  
  51  4:30  Probe  
  53  4:33  Sentry, Stalker  
  57  4:39  Probe  
  57  4:40  Assimilator  
  57  4:44  Assimilator  
  59  4:51  Immortal  
  59  4:55  Pylon  
  59  4:56  Pylon  
  59  4:59  Shield Battery  
  62  5:13  Probe x2  
  64  5:16  Forge  
  64  5:25  Probe x2  
  64  5:27  Gateway  
  64  5:28  Gateway  
  66  5:30  Protoss Ground Weapons Level 1  
  66  5:37  Pylon, Probe x2  
  68  5:47  Adept x2  
  68  5:49  Probe  
  73  5:52  Pylon  
  73  5:53  Probe  
  74  6:08  Probe  
  75  6:17  Probe  
  76  6:20  Probe  
  77  6:30  Probe  
  78  6:35  Probe  
  75  6:43  Probe  
  75  6:44  Zealot x3  
  82  6:47  Twilight Council  
  82  6:48  Probe  
  83  6:55  Immortal  
  83  7:01  Gateway  
  87  7:04  Gateway x2  
  87  7:08  Zealot x3  
  87  7:09  Pylon  
  87  7:10  Pylon  
  93  7:17  Charge  
  93  7:18  Gateway  
  93  7:21  Pylon  
  93  7:27  Templar Archives  
  93  7:30  Zealot x4  
  93  7:35  Pylon  
  101  7:47  Photon Cannon, Pylon  
  101  7:49  Photon Cannon  
  101  8:04  Nexus  
  101  8:05  High Templar x3  
  101  8:09  High Templar  
  109  8:14  High Templar x3  
  109  8:15  High Templar  
  117  8:21  Archon x2  
  117  8:22  Archon x2  
  117  8:26  Immortal  
  115  8:45  Zealot x2, High Templar x2  
  115  8:46  Zealot  
  115  8:47  Zealot x2  
  129  8:50  Archon, Zealot  
  129  8:54  Pylon  
  131  9:06  Observer  
  132  9:10  Zealot  
  132  9:24  Zealot x5  
  132  9:25  Zealot x2  
Show
View Real Time Build Order
Export as new Build Order

MCanning Protoss 

Build Orders: Zealot Archon 

Get SALT Encoding   

  12  0:00  Probe  
  13  0:13  Probe  
  14  0:17  Pylon  
  14  0:25  Probe  
  15  0:33  Probe  
  15  0:37  Gateway  
  15  0:41  Probe  
  16  0:47  Assimilator  
  17  0:51  Probe  
  17  0:55  Assimilator  
  18  0:59  Probe  
  19  1:07  Probe  
  19  1:11  Gateway  
  19  1:17  Probe  
  20  1:24  Cybernetics Core  
  21  1:29  Probe  
  22  1:35  Pylon  
  22  1:42  Probe  
  23  1:54  Probe  
  24  2:01  Warp Gate, Sentry, Stalker  
  28  2:07  Pylon  
  28  2:09  Probe  
  29  2:20  Pylon  
  29  2:27  Stalker  
  31  2:32  Stalker  
  33  2:52  Nexus  
  33  2:56  Probe  
  34  3:05  Probe  
  34  3:09  Pylon  
  35  3:13  Pylon, Probe  
  36  3:22  Probe  
  37  3:32  Shield Battery  
  37  3:34  Probe  
  38  3:46  Probe  
  38  3:47  Forge  
  39  3:49  Stalker  
  39  3:52  Stalker  
  43  3:59  Probe  
  44  4:08  Probe  
  45  4:11  Probe  
  45  4:13  Protoss Ground Weapons Level 1  
  45  4:14  Shield Battery  
  45  4:15  Sentry x2  
  50  4:20  Probe  
  50  4:23  Probe  
  52  4:32  Probe  
  52  4:35  Pylon, Probe  
  52  4:36  Stalker  
  56  4:41  Probe  
  56  4:42  Stalker  
  59  4:47  Probe  
  59  4:49  Probe  
  60  4:53  Twilight Council  
  60  4:56  Robotics Facility  
  60  4:58  Probe  
  60  4:59  Probe  
  62  5:03  Pylon  
  62  5:05  Assimilator  
  63  5:10  Probe  
  63  5:13  Probe, Assimilator  
  65  5:15  Zealot  
  67  5:24  Gateway  
  67  5:25  Gateway  
  67  5:32  Charge  
  67  5:34  Zealot  
  69  5:36  Probe  
  69  5:38  Pylon  
  69  5:39  Immortal  
  69  5:41  Probe  
  73  5:51  Pylon  
  73  5:59  Templar Archives  
  73  6:01  Gateway  
  72  6:07  Zealot x2  
  72  6:11  Immortal  
  72  6:13  Probe  
  72  6:17  Protoss Ground Weapons Level 2  
  73  6:23  Probe  
  75  6:26  Probe  
  68  6:34  Probe  
  68  6:35  Probe  
  67  6:44  Probe  
  67  6:47  Probe, High Templar x2  
  66  6:56  Probe  
  66  6:59  Stalker  
  70  7:01  Probe  
  69  7:10  Probe  
  69  7:13  Probe  
  71  7:21  Gateway  
  71  7:22  Gateway  
  71  7:24  Warp Prism  
  71  7:29  Gateway  
  73  7:38  Pylon  
  73  7:42  Probe  
  73  7:43  High Templar x2  
  75  7:49  Probe, Archon  
  76  7:54  High Templar x2  
  76  7:56  Pylon  
  76  7:57  Pylon, Archon  
  80  8:05  Pylon  
  80  8:10  Zealot  
  82  8:18  Zealot x2  
  82  8:19  Zealot  
  88  8:29  Probe  
  89  8:41  Zealot x6  
  95  8:42  Zealot  
  103  8:49  Pylon  
  103  8:59  Pylon  
  103  9:02  High Templar x4  
  107  9:04  Zealot x2  
  107  9:05  Zealot  
  107  9:06  Archon x2  
  113  9:27  Zealot x4  
Tags
 
Add a new tag
Caveats
  • Supply blocks, unpowered buildings, or Contaminate may cause inaccurate times.
  • Supply counts are checked every 10 seconds.